Match 40507928
Unlisted

Match 40507928
End
Construct Infanterie Kompanie
Selects Terror Battlegroup
Selects Terror Battlegroup
MG 42 Machine Gun Team
Selects Machine Gun Camouflage
Grenadier Squad
Grenadier Squad
GrW 34 Mortar Team
Medical Station
MG 42 Machine Gun Team
Selects Contempt for the Weak
Construct Panzergrenadier Kompanie
Support Elements
Pak 40 Anti-tank Gun Team
MG 42 Bunker
Nebelwerfer 42 Rocket Launcher Team
Panzergrenadier Officer Quarters
Nebelwerfer 42 Rocket Launcher Team
Construct Panzer Kompanie
Selects Jericho Trumpet
Jericho Trumpet
Panzer IV Medium Tank
Side Skirts
Selects V1 Rocket Strike
Jericho Trumpet
Panzergrenadier Squad
Panzergrenadier Squad
Jericho Trumpet
Selects Defend the Fatherland
Panzer IV Medium Tank
Jericho Trumpet
Pak 40 Anti-tank Gun Team
Panzer Officer Quarters
Medical Bunker
쏘우세지
마사장
dnjsxorla36
kpj6423
Haritm_船长
HelloFriends :D
wila
LittleFatty233
0
0

Comments sign in to comment!

No comments posted yet!